 Dungeon Crawl Stone Soup version 0.22.1-1-ga44c0e56f4 (webtiles) character file.

14108 Gargoyl the Cleaver (level 11, -3/92 HPs)
             Began as a Centaur Abyssal Knight on Oct 23, 2018.
             Was an Elder of Lugonu.
             Slain by a slime creature (5 damage)
             ... on level 11 of the Dungeon on Oct 24, 2018.
             The game lasted 00:25:35 (19304 turns).

Gargoyl the Cleaver (Centaur Abyssal Knight)       Turns: 19304, Time: 00:25:36

Health: -3/92      AC: 16    Str: 16    XL:     11   Next: 84%
Magic:  0/17       EV:  7    Int: 11    God:    Lugonu [****..]
Gold:   902        SH: 17    Dex: 18    Spells: 10/10 levels left

rFire    . . .     SeeInvis .   n - +1 war axe
rCold    . . .     Gourm    .   p - +3 large shield
rNeg     . . .     Faith    .   e - +0 chain mail
rPois    +         Spirit   +   q - +2 hat
rElec    .         Reflect  .   d - +2 cloak
rCorr    .         Harm     .   I - +0 pair of gloves (curse)
MR       .....                  (no barding)
Stlth    ..........             g - amulet of guardian spirit
HPRegen  0.25/turn              j - +2 ring of dexterity
MPRegen  0.15/turn              w - ring of poison resistance

@: agile, very quick
A: large, hooves 3, deformed body, speed 2, tough skin 3
a: Depart the Abyss, Bend Space, Banish, Corrupt, Renounce Religion


You were on level 11 of the Dungeon.
You worshipped Lugonu.
Lugonu was greatly pleased with you.
You were hungry.

You visited 2 branches of the dungeon, and saw 14 of its levels.
You visited the Abyss 2 times.

You collected 902 gold pieces.

Inventory:

Hand Weapons
 a - a +2 hand axe
 n - a +1 war axe (weapon)
Missiles
 x - 8 tomahawks (quivered)
Armour
 d - a +2 cloak (worn)
 e - a +0 chain mail (worn)
 p - a +3 large shield (worn)
 q - a +2 hat (worn)
 I - a cursed +0 pair of gloves (worn)
Jewellery
 g - an amulet of guardian spirit (around neck)
 h - an uncursed ring of fire
 j - a +2 ring of dexterity (left hand)
 w - a ring of poison resistance (right hand)
 H - an uncursed ring of protection from cold
Wands
 t - a wand of acid (1)
 v - a wand of paralysis (19)
 y - a wand of random effects (45)
 z - a wand of digging (21)
Scrolls
 b - 10 scrolls of remove curse
 f - a scroll of identify
 i - a scroll of fear
 k - 4 scrolls of teleportation
 r - 3 scrolls of fog
 B - a scroll of blinking
Potions
 m - 3 potions of curing
 o - 2 potions of flight
 s - 2 potions of magic
 u - 2 potions of cancellation
 E - a potion of mutation {unknown}
 F - a potion of brilliance {unknown}
 G - a potion of haste
Comestibles
 c - 16 rations


   Skills:
 + Level 7.3 Fighting
 + Level 10.0 Axes
 + Level 0.1 Throwing
 * Level 8.4 Armour
 + Level 2.4 Dodging
 + Level 3.8 Shields
 * Level 8.9 Invocations
 + Level 1.1 Evocations


You had 10 spell levels left.
You didn't know any spells.
Your spell library contained the following spells:

 Spells                   Type           Power        Failure   Level  Hunger
 Magic Dart               Conj           #...         100%        1    ##.....
 Pain                     Necr           #...         100%        1    ##.....
 Sting                    Conj/Pois      #...         100%        1    ##.....
 Blink                    Tloc           N/A          100%        2    ###....
 Call Imp                 Summ           #.......     100%        2    ###....
 Corpse Rot               Necr           N/A          100%        2    ###....
 Poisonous Vapours        Pois/Air       #.....       100%        2    ###....
 Searing Ray              Conj           #.....       100%        2    ###....
 Slow                     Hex            #.......     100%        2    ###....
 Conjure Flame            Conj/Fire      #.......     100%        3    ####...
 Dazzling Spray           Conj/Hex       #.....       100%        3    ####...
 Mephitic Cloud           Conj/Pois/Air  #.......     100%        3    ####...
 Force Lance              Conj/Tloc      #.......     100%        4    #####..
 Fulminant Prism          Conj/Hex       #.........   100%        4    #####..
 Iskenderun's Mystic Bla  Conj           #.......     100%        4    #####..
 Olgreb's Toxic Radiance  Pois           #.......     100%        4    #####..
 Agony                    Necr           #.......     100%        5    ######.
 Bolt of Magma            Conj/Fire/Erth #.........   100%        5    ######.
 Iskenderun's Battlesphe  Conj/Chrm      #.......     100%        5    ######.
 Venom Bolt               Conj/Pois      #.........   100%        5    ######.
 Iron Shot                Conj/Erth      #.........   100%        6    #######
 Orb of Destruction       Conj           #.........   100%        7    #######
 Spellforged Servitor     Conj/Summ      #.........   100%        7    #######


Dungeon Overview and Level Annotations

Branches:
Dungeon (12/15)            Temple (0/1) D:5            Lair (2/6) D:11
 Spider (0/4) Lair:2          Orc (0/2) D:11
  Swamp: Lair:2-4    Shoals: Lair:2-4

Altars:
Ashenzari
Dithmenos
Gozag
Hepliaklqana
Kikubaaqudgha
Nemelex Xobeh
Okawaru
Qazlal
Sif Muna
Trog
Uskayaw
Vehumet
Yredelemnul

Annotations:
D:9 3 runed doors, Grim's ghost, journeyman MiBe


Innate Abilities, Weirdness & Mutations

You have hooves in place of feet.
Armour fits poorly on your strangely shaped body.
You cover ground very quickly.
You have extremely tough skin. (AC +3)


Message History

The slime creature is almost dead.
You hit the slime creature. x2; The slime creature hits you.
* * * LOW HITPOINT WARNING * * *
You block the slime creature's attack. x2
Unknown command.
Your shield and chain mail prevent you from hitting the slime creature.
The slime creature is almost dead.
You slash the slime creature!
You hit the slime creature but do no damage.
You block the slime creature's attack.
The slime creature hits you but does no damage.
You block the slime creature's attack.
Unknown command.
You slash the slime creature! Your kick misses the slime creature.
The slime creature is almost dead.
You slash the slime creature! You hit the slime creature.
The slime creature hits you!
* * * LOW HITPOINT WARNING * * *
You block the slime creature's attack. The slime creature hits you.
You die...

.................................
###############.########...######
# #.# #...# # #.# #...######
###############.########......>..
.................................
...............................†.
...............JJ....##########..
................@J...# #..
.....................# #..
...............<.....# #..
###################### ###


You could see 3 slime creatures.

Vanquished Creatures
  A two-headed ogre (D:6)
  A centaur zombie (D:10)
  A spiny frog (Lair:1)
  A gargoyle (D:11)
  A kobold demonologist (D:11)
  A rime drake (Lair:1)
  4 komodo dragons
  3 trolls (D:11)
  4 hippogriffs
  Sigmund (D:5)
  3 wyverns
  Eustachio (D:5)
  4 hogs (D:7)
  16 yaks
  2 basilisks
  A human (D:7)
  Edmund (D:5)
  A water moccasin (Lair:1)
  3 porcupines (Lair:2)
  A black bear (D:8)
  3 phantoms
  2 necrophages
  3 wolves (Lair:2)
  5 ogres
  3 centaurs
  A crocodile (Lair:2)
  9 bullfrogs
  A water moccasin zombie (D:8)
  4 scorpions
  3 killer bees (D:8)
  5 wights (D:6)
  The ghost of DenSaoPin the Insei, a weakling DsGl (D:3)
  An electric eel (D:7)
  4 howler monkeys
  2 bullfrog zombies
  4 crimson imps
  Crazy Yiuf (D:7)
  5 hounds
  11 orc wizards
  5 orc priests
  3 iguanas
  A jelly (D:8)
  5 centaur skeletons
  Ijyb (D:5)
  10 worker ants
  A worker ant zombie (D:11)
  14 adders
  4 gnolls (D:5)
  A shadow imp (D:5)
  3 worker ant simulacra (D:3)
  3 oozes
  2 adder skeletons (D:9)
  3 worms
  2 adder simulacra (D:3)
  5 leopard geckos
  40 orcs
  4 bats
  4 giant cockroaches
  6 hobgoblins
  19 jackals
  4 quokkas
  2 ball pythons
  5 frilled lizards
  15 goblins
  20 kobolds
  A leopard gecko simulacrum (D:3)
  A quokka skeleton (D:5)
  A quokka zombie (D:8)
  7 rats
  3 plants
314 creatures vanquished.

Vanquished Creatures (others)
  A cyclops (D:11)
  A manticore (D:11)
  An ice beast (D:11)
  A quokka (D:7)
4 creatures vanquished.

Grand Total: 318 creatures vanquished

Notes
Turn   | Place    | Note
-------+----------+-------------------------------------------
     0 | Abyss:1  | Gargoyl the Centaur Abyssal Knight began the quest for the
                  | Orb.
     0 | Abyss:1  | Reached XP level 1. HP: 19/19 MP: 2/2
    55 | Abyss:2  | Noticed a small abomination
    78 | Abyss:2  | Noticed a wretched star
    78 | D:1      | Escaped the Abyss
   168 | D:1      | Reached skill level 2 in Axes
   178 | D:1      | Reached XP level 2. HP: 25/26 MP: 3/3
   217 | D:1      | Reached * piety under Lugonu
   551 | D:1      | Reached XP level 3. HP: 31/31 MP: 4/4
  1003 | D:2      | Found a hide-covered altar of Uskayaw.
  1266 | D:2      | Reached XP level 4. HP: 31/38 MP: 5/5
  1367 | D:2      | Found a faded altar of an unknown god.
  1392 | D:2      | Reached ** piety under Lugonu
  2072 | D:3      | Found a radiant altar of Vehumet.
  2544 | D:3      | Found an opulent altar of Gozag.
  2615 | D:3      | Reached XP level 5. HP: 45/45 MP: 7/7
  2680 | D:3      | Noticed a centaur
  2691 | D:3      | Reached skill level 3 in Axes
  2692 | D:3      | Killed a centaur
  2748 | D:3      | Found a runed gate.
  2748 | D:3      | Found a runed gate.
  2748 | D:3      | Found a runed gate.
  2950 | D:3      | Noticed DenSaoPin's ghost (weakling DsGl)
  3053 | D:3      | Reached *** piety under Lugonu
  3370 | D:3      | Killed DenSaoPin's ghost
  3370 | D:3      | Reached XP level 6. HP: 37/52 MP: 8/8
  3498 | D:4      | Reached skill level 1 in Dodging
  3806 | D:4      | Reached skill level 4 in Axes
  4221 | D:4      | Reached XP level 7. HP: 55/59 MP: 9/9
  4381 | D:4      | Reached skill level 5 in Axes
  4812 | D:5      | Entered Level 5 of the Dungeon
  4842 | D:5      | Noticed Edmund
  4892 | D:5      | Killed Edmund
  4892 | D:5      | Reached XP level 8. HP: 20/66 MP: 11/11
  5419 | D:5      | Found a deep blue altar of Sif Muna.
  5506 | D:5      | Found a sparkling altar of Nemelex Xobeh.
  5511 | D:5      | Noticed Ijyb
  5513 | D:5      | Noticed Eustachio
  5519 | D:5      | Reached **** piety under Lugonu
  5544 | D:5      | Killed Ijyb
  5717 | D:5      | Killed Eustachio
  5717 | D:5      | Reached skill level 6 in Axes
  5717 | D:5      | Reached skill level 5 in Invocations
  6136 | D:5      | Found a staircase to the Ecumenical Temple.
  6163 | D:5      | Noticed Sigmund
  6200 | D:5      | Killed Sigmund
  6200 | D:5      | Reached skill level 5 in Armour
  6434 | D:5      | Found an iron altar of Okawaru.
  6575 | D:6      | Reached XP level 9. HP: 55/73 MP: 13/13
  6721 | D:6      | Found a shadowy altar of Dithmenos.
  6744 | D:6      | Found a stormy altar of Qazlal.
  6747 | D:6      | Found a hazy altar of Hepliaklqana.
  6751 | D:6      | Found an ancient bone altar of Kikubaaqudgha.
  6796 | D:6      | Noticed a two-headed ogre
  6811 | D:6      | Killed a two-headed ogre
  6811 | D:6      | Reached skill level 5 in Fighting
  6811 | D:6      | Reached skill level 7 in Axes
  7092 | D:6      | Reached skill level 1 in Evocations
  7879 | D:7      | Found a runed door.
  8352 | D:6      | Found a bloodstained altar of Trog.
  8352 | D:6      | Found a shattered altar of Ashenzari.
  8575 | D:7      | Found a basalt altar of Yredelemnul.
  9190 | D:7      | Reached skill level 8 in Axes
  9190 | D:7      | Reached XP level 10. HP: 81/82 MP: 13/15
  9210 | D:7      | Reached ***** piety under Lugonu
  9407 | D:7      | Noticed Crazy Yiuf
  9415 | D:7      | Killed Crazy Yiuf
  9888 | D:8      | Reached skill level 1 in Shields
 11307 | D:8      | Reached skill level 9 in Axes
 11674 | D:9      | Found a runed gate.
 11675 | D:9      | Found a runed gate.
 11676 | D:9      | Found a runed gate.
 11686 | D:9      | Noticed Grim's ghost (journeyman MiBe)
 11695 | D:9      | Identified the Papyrus of Twisted Protection
 12380 | D:10     | Entered Level 10 of the Dungeon
 12613 | D:10     | Reached XP level 11. HP: 84/89 MP: 16/16
 12968 | D:11     | Found a staircase to the Orcish Mines.
 14324 | D:11     | Found a staircase to the Lair.
 14418 | D:11     | Reached ****** piety under Lugonu
 15127 | Lair:1   | Entered Level 1 of the Lair of Beasts
 17655 | Lair:2   | Reached skill level 10 in Axes
 17859 | Lair:2   | Found a hole to the Spider Nest.
 17861 | Lair:2   | Noticed a wolf spider
 17945 | Lair:2   | Escaped the Abyss
 19304 | D:11     | HP: 2/92 [slime creature (9)]
 19304 | D:11     | Slain by a slime creature

Skill      XL: |  1  2  3  4  5  6  7  8  9 10 11 |
---------------+----------------------------------+-----
Axes           | 2 3 4 5 6 8 9 10 | 10.0
Armour         | 2 3 4 5 6 7 8 |  8.4
Invocations    | 3 4 5 6 7 8 |  8.9
Dodging        | 1 2 |  2.4
Fighting       | 4 5 6 7 |  7.3
Evocations     | 1 |  1.1
Shields        | 2 3 |  3.8
Throwing       | |  0.1

Action                   |  1- 3 |  4- 6 |  7- 9 | 10-12 || total
-------------------------+-------+-------+-------+-------++-------
Melee: Hand axe          |   110 |   192 |   205 |       ||   507
       Kick              |    20 |    31 |    80 |   189 ||   320
       War axe           |       |       |   177 |   642 ||   819
Throw: Tomahawk          |       |       |       |     3 ||     3
Invok: Depart the Abyss  |     1 |       |       |     1 ||     2
       Banish            |       |       |       |     3 ||     3
       Bend Space        |       |       |       |     2 ||     2
       Enter the Abyss   |       |       |       |     1 ||     1
Evoke: Wand              |       |       |    14 |     6 ||    20
  Use: Scroll            |     3 |     2 |    10 |    14 ||    29
       Potion            |     1 |     3 |     1 |     6 ||    11
  Eat: Chunk             |       |     5 |    11 |    16 ||    32
       Ration            |       |     1 |     1 |     4 ||     6
Armor: Leather armour    |     7 |       |       |       ||     7
       Chain mail        |    78 |   161 |   266 |   408 ||   913
       Skin              |       |       |   104 |    28 ||   132
Dodge: Dodged            |    33 |    35 |    63 |    37 ||   168
Block: Large shield      |       |       |    38 |   549 ||   587
